 Dungeon Crawl Stone Soup version 0.23.0 (webtiles) character file.

Game seed: 14933515822673315000

2967 Gadfly the Ruffian (level 9, -14/89 HPs)
             Began as a Troll Monk on Feb 12, 2019.
             Demolished by a large slime creature (26 damage)
             ... on level 8 of the Dungeon.
             The game lasted 00:14:02 (6055 turns).

Gadfly the Ruffian (Troll Monk)                     Turns: 6055, Time: 00:14:03

Health: -14/89     AC: 13    Str: 22    XL:     9   Next: 52%
Magic:  10/10      EV: 15    Int:  6    God:
Gold:   549        SH:  0    Dex: 14    Spells: 7/8 levels left

rFire    . . .     SeeInvis .   r - +3 dagger (elec)
rCold    + . .     Gourm    +   (no shield)
rNeg     . . .     Faith    .   D - +1 robe {rC+}
rPois    .         Spirit   .   (helmet restricted)
rElec    .         Reflect  .   w - +0 cloak
rCorr    .         Harm     .   (gloves unavailable)
MR       .....                  (boots unavailable)
Stlth    ++........             (no amulet)
HPRegen  0.64/turn              o - +5 ring of protection
MPRegen  0.12/turn              i - +2 ring of evasion

@: very slightly contaminated, invisible
A: large, unfitting armour, claws 3, fast metabolism 3, gourmand, regeneration
1, shaggy fur 1, tough skin 3
a: no special abilities


You were on level 8 of the Dungeon.
You were full.

You visited 2 branches of the dungeon, and saw 9 of its levels.

You collected 549 gold pieces.

Inventory:

Hand Weapons
 r - a +3 dagger of electrocution (weapon)
 C - a +1 short sword of draining
Missiles
 f - 316 stones (quivered)
Armour
 w - a +0 cloak (worn)
 D - a +1 robe of cold resistance (worn)
Jewellery
 g - an uncursed ring of ice
 h - an uncursed ring of resist corrosion
 i - a +2 ring of evasion (right claw)
 o - a +5 ring of protection (left claw)
Wands
 a - a wand of clouds (6)
 v - a wand of acid (4)
 y - a wand of disintegration (15)
 B - a wand of polymorph (2)
 F - a wand of iceblast (13)
Scrolls
 d - a scroll of fear
 j - 2 scrolls of teleportation
 k - a scroll of magic mapping {unknown}
 l - a scroll of fog
 p - 4 scrolls of remove curse
 q - 5 scrolls of identify
Potions
 c - a potion of ambrosia
 e - a potion of brilliance
 m - 2 potions of heal wounds
 n - 4 potions of curing
 s - a potion of agility
 x - a potion of invisibility
Comestibles
 b - 21 rations


   Skills:
 + Level 5.7 Fighting
 + Level 5.5 Throwing
 + Level 5.7 Dodging
 - Level 1.0 Stealth
 + Level 6.9 Unarmed Combat
 + Level 3.1 Evocations


You had 7 spell levels left.
You knew the following spells:

 Your Spells              Type           Power        Failure   Level  Hunger
a - Animate Skeleton      Necr           N/A          45%         1    ##.....

Your spell library contained the following spells:

 Spells                   Type           Power        Failure   Level  Hunger
 Pain                     Necr           #...         45%         1    ##.....
 Regeneration             Chrm/Necr      #.........   83%         3    ####...
 Vampiric Draining        Necr           #.........   83%         3    ####...
 Animate Dead             Necr           N/A          99%         4    #####..


Dungeon Overview and Level Annotations

Branches:
Dungeon (8/15)             Temple (1/1) D:7
   Lair: D:8-11

Altars:
Ashenzari
Dithmenos
Elyvilon
Fedhas
Gozag
Hepliaklqana
Kikubaaqudgha
Makhleb
Nemelex Xobeh
Okawaru
Qazlal
Ru
Sif Muna
Trog
Uskayaw
Vehumet
Wu Jian
Xom
Yredelemnul
Zin
The Shining One

Shops:
D:4 :

Annotations:
D:7 Prince Ribbit


Innate Abilities, Weirdness & Mutations

You are too large for most types of armour.
You have claws for hands.
Your metabolism is lightning-fast.
You like to eat raw meat.
Your natural rate of healing is unusually fast.
You are covered in fur. (AC +1)
You have extremely tough skin. (AC +3)


Message History

The enormous slime creature is heavily wounded.
The enormous slime creature hits you!!!
* * * LOW HITPOINT WARNING * * *
You barely miss the enormous slime creature.
You claw the enormous slime creature!
The enormous slime creature is heavily wounded.
The enormous slime creature closely misses you.
Unknown command.
Okay, then.
You fade into invisibility!
The enormous slime creature closely misses you.
You are very lightly contaminated with residual magic.
You hit the enormous slime creature.
The enormous slime creature is heavily wounded.
An enormous slime creature splits.
You hit the large slime creature.
Lightning courses through the large slime creature!!
The large slime creature is severely wounded.
The large slime creature hits you!!
You die...

.# #.##.##
#.#
#.#...####
..#
#........
#.#
##.......###
#.#####
...........
#.....#
#.......#
#.####.....#
#...|.#
#..JJ@.....#
#...#
######.....#
###.#
#.....# #.#
#.#.###
#####<#
#...#
#.....#
##...##
##.#####
##...>.##
##.######
#.......#
..........
##.[...##


You could see 2 large slime creatures.

Vanquished Creatures
  A slime creature (D:8)
  Eustachio (D:5)
  Menkaure (D:7)
  A water moccasin (D:5)
  Duvessa (D:5)
  An ice beast (D:7)
  An orc warrior (D:7)
  A phantom (D:7)
  2 ogres
  2 centaurs (D:5)
  A crocodile (D:8)
  A big kobold (D:7)
  Blork the orc (D:6)
  4 bullfrogs
  Dowan (D:5)
  2 scorpions
  The ghost of Sin92 the Skirmisher, a weakling DsFi (D:3)
  2 vampire bats (D:6)
  5 crimson imps
  A centaur zombie (D:5)
  3 hounds
  4 orc wizards (D:6)
  A bullfrog skeleton (D:4)
  2 orc priests (D:5)
  2 centaur skeletons
  Ijyb (D:5)
  9 worker ants
  3 iguanas
  A hound skeleton (D:5)
  Robin (D:3)
  4 gnolls
  4 adders
  A howler monkey skeleton (D:7)
  2 oozes
  3 adder skeletons
  2 worms (D:5)
  4 dart slugs
  A leopard gecko (D:3)
  20 orcs
  3 bat skeletons (D:6)
  3 bat zombies (D:6)
  8 giant cockroaches
  14 goblins (D:3)
  13 hobgoblins
  3 jackals (D:6)
  4 quokkas
  A ball python (D:1)
  5 bats
  4 frilled lizards
  A jackal skeleton (D:4)
  A jackal zombie (D:5)
  12 kobolds
  8 rats
179 creatures vanquished.

Notes
Turn   | Place    | Note
-------+----------+-------------------------------------------
     0 | D:1      | Gadfly the Troll Monk began the quest for the Orb.
     0 | D:1      | Reached XP level 1. HP: 22/22 MP: 0/0
    77 | D:1      | Reached XP level 2. HP: 23/29 MP: 1/1
   319 | D:1      | Reached skill level 1 in Throwing
   356 | D:1      | Reached XP level 3. HP: 36/36 MP: 2/2
   728 | D:2      | Found a hide-covered altar of Uskayaw.
   841 | D:2      | Reached XP level 4. HP: 45/45 MP: 3/3
  1313 | D:3      | Found a glowing golden altar of the Shining One.
  1538 | D:3      | Found a transporter.
  1540 | D:3      | Noticed Sin92's ghost (weakling DsFi)
  1544 | D:3      | Found a transporter.
  1693 | D:3      | Noticed Robin
  1715 | D:3      | Killed Robin
  1715 | D:3      | Reached XP level 5. HP: 28/53 MP: 4/4
  1758 | D:3      | Killed Sin92's ghost
  1758 | D:3      | Reached skill level 4 in Unarmed Combat
  1910 | D:3      | Found a glowing silver altar of Zin.
  2021 | D:3      | Learned a level 1 spell: Animate Skeleton
  2138 | D:3      | You fall through a shaft for 3 floors!
  2270 | D:5      | Entered Level 5 of the Dungeon
  2309 | D:5      | Reached XP level 6. HP: 50/61 MP: 5/5
  2445 | D:4      | Found Nuafeph's Book Boutique.
  2758 | D:4      | You fall through a shaft for 2 floors!
  2769 | D:5      | Noticed Duvessa
  2792 | D:5      | Noticed Dowan
  2794 | D:5      | Killed Duvessa
  2794 | D:5      | Reached XP level 7. HP: 51/68 MP: 6/6
  2799 | D:5      | Killed Dowan
  2854 | D:5      | Found a radiant altar of Vehumet.
  2935 | D:4      | Found an iron altar of Okawaru.
  3122 | D:4      | Reached skill level 5 in Unarmed Combat
  3552 | D:5      | Found a burning altar of Makhleb.
  3770 | D:5      | Reached XP level 8. HP: 74/79 MP: 7/7
  3809 | D:5      | Noticed Ijyb
  3810 | D:5      | Found a blossoming altar of Fedhas.
  3821 | D:5      | Killed Ijyb
  3856 | D:5      | Reached skill level 1 in Evocations
  4054 | D:5      | Noticed Eustachio
  4111 | D:5      | Killed Eustachio
  4111 | D:5      | Reached skill level 6 in Unarmed Combat
  4331 | D:6      | Reached skill level 5 in Fighting
  4331 | D:6      | Reached skill level 5 in Dodging
  4655 | D:6      | Noticed Blork the orc
  4669 | D:6      | Killed Blork the orc
  4725 | D:6      | Found an ancient bone altar of Kikubaaqudgha.
  4937 | D:7      | Reached XP level 9. HP: 88/88 MP: 9/9
  5055 | D:7      | Noticed Menkaure
  5064 | D:7      | Reached skill level 5 in Throwing
  5082 | D:7      | HP: 2/88 [ice beast (3)]
  5097 | D:7      | Killed Menkaure
  5399 | D:7      | Found a staircase to the Ecumenical Temple.
  5408 | Temple   | Entered the Ecumenical Temple
  5846 | D:7      | Noticed Prince Ribbit
  6055 | D:8      | Demolished by a large slime creature

Skill      XL: |  1  2  3  4  5  6  7  8  9 |
---------------+----------------------------+-----
Throwing       | 1 2 3 4 5 |  5.5
Fighting       | 3 4 5 |  5.7
Dodging        | 3 4 5 |  5.7
Unarmed Combat | 4 5 6 |  6.9
Evocations     | 2 3 |  3.1
Stealth        | |  1.0

Action                   |  1- 3 |  4- 6 |  7- 9 || total
-------------------------+-------+-------+-------++-------
Melee: Unarmed           |    72 |    47 |       ||   119
       Dagger            |       |   134 |   455 ||   589
       Punch             |       |     2 |     8 ||    10
Evoke: Wand              |       |       |     3 ||     3
  Use: Scroll            |     2 |     1 |     8 ||    11
       Potion            |       |     2 |    12 ||    14
 Stab: Sleeping          |     1 |     1 |     5 ||     7
  Eat: Chunk             |    13 |    18 |    27 ||    58
Armor: Robe              |    25 |    32 |   211 ||   268
       Animal skin       |       |    33 |     2 ||    35
Dodge: Dodged            |    41 |   138 |   386 ||   565
